 Dungeon Crawl Stone Soup version 0.29-a0-275-g389c0b56f3 (webtiles) character file.

Game seed: 18052535193755408278

80 Armakuni the Covered (level 4, 0/30 HPs)
             Began as a Human Wanderer on Mar 12, 2022.
             Slain by a goblin
             ... wielding a +0 dagger
             ... led by Robin
              (2 damage)
             ... on level 3 of the Dungeon.
             The game lasted 00:03:09 (1795 turns).

Armakuni the Covered (Human Wanderer)               Turns: 1795, Time: 00:03:09

Health: 0/30       AC: 10    Str: 20    XL:     4   Next: 65%
Magic:  4/4        EV:  9    Int:  9    God:
Gold:   129        SH:  4    Dex: 12    Spells: 3/3 levels left

rFire   . . .      SeeInvis .   a - +0 mace (vorpal)
rCold   . . .      Faith    .   c - +0 buckler
rNeg    . . .      Spirit   .   b - +2 scale mail
rPois   .          Reflect  .   (no helmet)
rElec   .          Harm     .   k - +0 cloak
rCorr   .          Rampage  .   (no gloves)
Will    .....                   (no boots)
Stlth   ..........              (no amulet)
HPRegen 0.10/turn               (no ring)
MPRegen 0.09/turn               (no ring)

@: brilliant, invisible
A: agile 1, frail 1, passive freeze
a: no special abilities


You were on level 3 of the Dungeon.
You visited 1 branch of the dungeon, and saw 3 of its levels.

You collected 129 gold pieces.

Inventory:

Hand Weapons
 a - a +0 vorpal mace (weapon)
Missiles
 n - 6 poisoned darts (quivered)
Armour
 b - a +2 scale mail (worn)
 c - a +0 buckler (worn)
 k - a +0 cloak (worn)
Scrolls
 d - 2 scrolls of teleportation
Potions
 g - a potion of mutation
 h - a potion of attraction {unknown}
 i - a potion of might {unknown}
 j - 3 potions of invisibility
 l - 2 potions of degeneration {unknown}
 m - a potion of curing {unknown}
 o - a potion of berserk rage {unknown}
 p - a potion of resistance {unknown}


   Skills:
 + Level 2.9 Fighting
 + Level 2.9 Maces & Flails
 - Level 4.0 Armour
 - Level 3.0 Shields
 - Level 1.0 Evocations


You had 3 spell levels left.
You didn't know any spells.
Your spell library contained the following spells:

 Spells                   Type           Power      Damage    Failure   Level
 Slow                     Hex            0%         N/A       83%         1


Dungeon Overview and Level Annotations

Branches:
Dungeon (3/15)

Altars:

Annotations:
D:3 Robin


Innate Abilities, Weirdness & Mutations

You are agile. (Dex +2)
You are frail. (-10% HP)
A frigid envelope surrounds you and freezes all who hurt you.


Message History

The goblin is heavily wounded.
You block the goblin's attack. The goblin hits you but does no damage.
The goblin closely misses you. The goblin completely misses you.
You closely miss the goblin.
The goblin is heavily wounded.
The goblin barely misses you. The goblin hits you with a +0 dagger.
The goblin hits you with a +0 club. The goblin hits you with a +0 dagger.
* * * LOW HITPOINT WARNING * * *
You barely miss the goblin.
The goblin is heavily wounded.
The goblin closely misses you. x2; The goblin hits you with a +0 club.
* * * LOW HITPOINT WARNING * * *
The goblin misses you.
You closely miss the goblin.
The goblin is heavily wounded.
You block the goblin's attack. x2; The goblin hits you but does no damage.
You block the goblin's attack.
It was a potion of brilliance.
You feel clever all of a sudden. The goblin barely misses you.
The goblin hits you but does no damage. The goblin barely misses you.
The goblin hits you with a +0 club.
* * * LOW HITPOINT WARNING * * *
It was a potion of mutation.
You feel extremely strange.
You feel frail.
Your skin feels very cold.
You feel agile. The goblin misses you. You block the goblin's attack. x2
The goblin hits you with a +0 club.
* * * LOW HITPOINT WARNING * * *
Okay, then.
It was a potion of invisibility.
You fade into invisibility!
The goblin misses you. The goblin hits you but does no damage.
The goblin is very cold.
The goblin is severely wounded.
The goblin hits you but does no damage.
The goblin is very cold.
You kill the goblin!
The goblin completely misses you.
It was a potion of magic.
Magic courses through your body. The goblin barely misses you.
You block the goblin's attack. The goblin hits you with a +0 dagger.
You die...

#... ....
#######.g.
..P.......#####
#P≈P≈≈≈≈#...##..
#P≈≈≈≈≈P....##.#
#P♣
♣≈≈.≈..##g######.##
.≈♣♣
♣PP.P...ggg@g.<...#
.≈P♣
♣♣≈.P..)gwgg###....
P≈≈♣♣♣≈P≈##†##g#.#
# ≈≈≈♣≈P≈≈#
#.##.#.# #≈≈†≈≈P.#
#.##.#.#
.†.PP..####.##.#$.
######......##.###
# #########.. ###


You could see a worm (can't see you), Robin (can't see you), 3 hobgoblins and 5
goblins.

Vanquished Creatures
  3 adders
  A worm (D:2)
  A dart slug (D:2)
  3 ball pythons (D:1)
  3 bats (D:1)
  3 endoplasms (D:1)
  2 giant cockroaches
  4 goblins
  7 hobgoblins
  7 kobolds
  2 quokkas
  4 frilled lizards
  7 rats
47 creatures vanquished.

Vanquished Creatures (others)
  2 fungi (D:1)
  6 plants
8 creatures vanquished.

Grand Total: 55 creatures vanquished

Notes
Turn   | Place    | Note
-------+----------+-------------------------------------------
     0 | D:1      | Armakuni the Human Wanderer began the quest for the Orb.
     0 | D:1      | Armakuni set off with the following items: a +0 mace, a +2
                  | scale mail, a +0 buckler, a scroll of teleportation
     0 | D:1      | Reached XP level 1. HP: 15/15 MP: 1/1
    71 | D:1      | Reached XP level 2. HP: 21/21 MP: 2/2
    78 | D:1      | Found a faded altar of an unknown god.
    93 | D:1      | Got Plato's Handbook of Curses
   317 | D:1      | Reached XP level 3. HP: 27/27 MP: 3/3
  1179 | D:2      | Reached XP level 4. HP: 34/34 MP: 4/4
  1775 | D:3      | Noticed Robin
  1793 | D:3      | Gained mutation: You are frail. (-10% HP) [potion of
                  | mutation]
  1793 | D:3      | Gained mutation: A frigid envelope surrounds you and
                  | freezes all who hurt you. [potion of mutation]
  1793 | D:3      | Gained mutation: You are agile. (Dex +2) [potion of
                  | mutation]
  1795 | D:3      | Slain by a goblin

Illustrated notes

Levels and vault maps discovered:
D:1:      dpeg_arrival_water_temple_mockup, layout_rooms, serial_forest,
          infiniplex_forest_lined_room_3, infiniplex_forest_lined_room_3,
          infiniplex_forest_split, infiniplex_forest_end_double,
          infiniplex_forest_clump_tiny, infiniplex_forest_split,
          shapermc_ecumenical_altar_rom_forum, minmay_cut_off
D:2:      layout_loops_ring
D:3:      layout_loops_ring, serial_bayou_pond_c,
          minmay_randomly_rotated_circles, uniq_robin, uniq_ijyb, uniq_jessica

Skill      XL: |  1  2 |
---------------+-------+-----
Maces & Flails | 2 |  2.9
Fighting       | 2 |  2.9
Armour         | |  4.0
Shields        | |  3.0
Evocations     | |  1.0

Action                   |  1- 3 |  4- 6 || total
-------------------------+-------+-------++-------
Melee: Mace              |   132 |    34 ||   166
  Use: Scroll            |     2 |       ||     2
       Potion            |       |     4 ||     4
Armor: Scale mail        |    67 |    30 ||    97
Dodge: Dodged            |    74 |    32 ||   106
Block: Buckler           |    26 |    16 ||    42

Table legend: (Time is in decaauts)
 A = Elapsed time spent in this place.
 B = Non-inter-level travel time spent in this place.
 C = Inter-level travel time spent in this place.
 D = Time resting spent in this place.
 E = Time spent auto-exploring this place.
 F = Levels seen in this place.
 G = Mean time per level.
                   A        B        C        D        E       F      G
               +--------+--------+--------+--------+--------+-----+--------+
         Total |   1849 |   1804 |     45 |    151 |   1191 |   3 |  616.3 |
       Dungeon |   1849 |   1804 |     45 |    151 |   1191 |   3 |  616.3 |
               +--------+--------+--------+--------+--------+-----+--------+

Top non-repeatable levels by time:
     D:1: 988 daAuts
     D:2: 803 daAuts
     D:3: 57 daAuts
